 Dungeon Crawl Stone Soup version 0.25-a0-990-g0adbbaad2a (console) character file.

Game seed: 16626178300727210054, levelgen mode: classic

580 Duffy the Conjurer (level 7, 46/46 HPs)
             Began as a Demonspawn Fire Elementalist on May 10, 2020.
             Quit the game on level 5 of the Dungeon.
             The game lasted 00:06:35 (6175 turns).

Duffy the Conjurer (Demonspawn Fire Elementalist)   Turns: 6175, Time: 00:06:36

Health: 46/46      AC:  5    Str:  9    XL:     7   Next: 13%
Magic:  12/13      EV: 12    Int: 18    God:
Gold:   220        SH:  0    Dex: 13    Spells: 1/14 levels left

rFire    + . .     SeeInvis .   r - +2 war axe (venom)
rCold    . . .     Gourm    .   (no shield)
rNeg     . . .     Faith    .   a - +0 robe
rPois    .         Spirit   .   u - +0 helmet
rElec    .         Reflect  .   f - +0 cloak
rCorr    +         Harm     .   (no gloves)
MR       .....                  s - +0 pair of boots
Stlth    ++........             (no amulet)
HPRegen  0.15/turn              j - ring of resist corrosion
MPRegen  0.13/turn              o - ring of protection from fire

@: no status effects
A: talons 1, demonic guardian 1, powered by death 1
a: no special abilities


You were on level 5 of the Dungeon.
You were not hungry.

You visited 1 branch of the dungeon, and saw 5 of its levels.

You collected 220 gold pieces.

Inventory:

Hand Weapons
 r - a +2 war axe of venom (weapon)
Armour
 a - a +0 robe (worn)
 f - a +0 cloak (worn)
 s - a +0 pair of boots (worn)
 u - a +0 helmet (worn)
Jewellery
 b - an uncursed ring of flight
 j - a ring of resist corrosion (left hand)
 o - a ring of protection from fire (right hand)
Wands
 m - a wand of enslavement (10)
 v - a wand of paralysis (9)
Scrolls
 g - 2 scrolls of immolation
 h - a scroll of remove curse
 l - a scroll of enchant weapon {unknown}
 n - 3 scrolls of enchant armour
 p - a scroll of magic mapping {unknown}
 q - a scroll of teleportation {unknown}
 w - a scroll of identify
Potions
 d - 2 potions of haste {unknown}
 e - a potion of ambrosia
 i - 2 potions of curing
 k - a potion of heal wounds {unknown}
 t - a potion of brilliance {unknown}
 x - a potion of flight {unknown}
 A - a potion of berserk rage {unknown}
Comestibles
 c - 9 rations
 z - a chunk of flesh


   Skills:
 - Level 1.7 Dodging
 - Level 1.7 Stealth
 - Level 4.0 Spellcasting
 + Level 4.9 Conjurations
 + Level 4.8 Fire Magic


You had one spell level left.
You knew the following spells:

 Your Spells              Type           Power        Failure   Level  Hunger
h - Foxfire               Conj/Fire      ###.         1%          1    None
j - Sticky Flame          Conj/Fire      ###.....     21%         4    ####...
k - Fireball              Conj/Fire      ###.......   50%         5    ######.
l - Conjure Flame         Conj/Fire      ###.....     6%          3    ###....

Your spell library contained the following spells:

 Spells                   Type           Power        Failure   Level  Hunger
 Magic Dart               Conj           ###.         1%          1    None
 Searing Ray              Conj           ###...       3%          2    ##.....
 Dazzling Flash           Conj/Hex       ##....       16%         3    ###....
 Inner Flame              Hex/Fire       ##......     17%         3    ###....
 Fulminant Prism          Conj/Hex       ##........   47%         4    ####...
 Iskenderun's Mystic Bla  Conj/Tloc      ##......     47%         4    ####...


Dungeon Overview and Level Annotations

Branches:
Dungeon (5/15)
 Temple: D:4-7

Altars:
Ashenzari
Elyvilon
Okawaru

Annotations:
D:2 1 runed translucent door, Crazy Yiuf
D:4 2 transporters, walterwhite's ghost, amateur DsIE


Innate Abilities, Weirdness & Mutations

You have sharp toenails.
A weak demonic guardian rushes to your aid.
You regenerate a little health from kills.


Message History

z - 2 chunks of flesh Eating one of 2 chunks of flesh.
You eat one of the 2 chunks of flesh.
This raw flesh tastes terrible.
A - a viscous red potion
d - 2 brown potions (gained 1)
An adder and a necrophage come into view.
The adder hisses angrily.
Found 11 gold pieces, a scroll of remove curse and 2 metallic orange potions.
Okay, then.
There is a stone staircase leading down here.
Cast which spell? (? or * to list)
You conjure some foxfire!
The foxfire hits the adder.
The adder is lightly wounded.
Unknown command.
You swap places.
The foxfire hits the adder.
The adder is moderately wounded.
The adder barely misses your ufetubus. The necrophage hits your ufetubus.
Your ufetubus completely misses the necrophage.
Your ufetubus closely misses the necrophage.
Are you sure you want to abandon this character and quit the game? (Confirm with "yes".)

..?..!# .....$#
############......#
#..........#......#
#..........#.n...
####..........#.S.
.#######<...........5#.#
.................@.Sn.$#
.#########......###.##.#
#......# #....#
.)......# #.####
.##......# #.# #
#......# #.# #.######
#.. #.# ### #.#


You could see a necrophage, an adder and a friendly ufetubus (summoned).

Vanquished Creatures
  A phantom (D:4)
  A bullfrog zombie (D:5)
  An orc priest (D:4)
  An orc wizard (D:3)
  3 hounds (D:4)
  2 bullfrog skeletons (D:4)
  5 worker ants
  5 adders
  An adder skeleton (D:5)
  2 dart slugs (D:2)
  4 leopard geckos
  11 orcs
  A giant cockroach (D:1)
  7 goblins
  7 hobgoblins
  4 jackals (D:4)
  6 kobolds
  2 quokkas
  A ball python (D:4)
  15 bats
  6 frilled lizards
  3 rats
89 creatures vanquished.

Vanquished Creatures (collateral kills)
  An orc (D:3)
  A goblin (D:2)
2 creatures vanquished.

Vanquished Creatures (others)
  308 foxfires
308 creatures vanquished.

Grand Total: 399 creatures vanquished

Notes
Turn   | Place    | Note
-------+----------+-------------------------------------------
     0 | D:1      | Duffy the Demonspawn Fire Elementalist began the quest for
                  | the Orb.
     0 | D:1      | Reached XP level 1. HP: 13/13 MP: 3/3
   322 | D:1      | Gained mutation: You regenerate a little health from kills.
                  | [demonic ancestry]
   322 | D:1      | Reached XP level 2. HP: 19/19 MP: 1/5
  1554 | D:2      | Gained mutation: You have sharp toenails. [demonic
                  | ancestry]
  1554 | D:2      | Reached XP level 3. HP: 24/24 MP: 4/6
  1626 | D:2      | Learned a level 3 spell: Conjure Flame
  1644 | D:2      | Found a shattered altar of Ashenzari.
  2421 | D:2      | Reached XP level 4. HP: 30/30 MP: 4/8
  2712 | D:2      | Found a runed translucent door.
  2713 | D:2      | Noticed Crazy Yiuf
  3705 | D:3      | Found an iron altar of Okawaru.
  4048 | D:4      | Reached XP level 5. HP: 24/35 MP: 3/9
  4641 | D:4      | Found a white marble altar of Elyvilon.
  4715 | D:4      | Noticed a phantom
  4734 | D:4      | Killed a phantom
  4734 | D:4      | Reached XP level 6. HP: 35/41 MP: 1/11
  4740 | D:4      | Learned a level 4 spell: Sticky Flame
  4858 | D:4      | Found a transporter.
  4860 | D:4      | Noticed walterwhite's ghost (amateur DsIE)
  4870 | D:4      | Found a transporter.
  5021 | D:4      | Learned a level 5 spell: Fireball
  5550 | D:5      | Entered Level 5 of the Dungeon
  5985 | D:5      | Gained mutation: A weak demonic guardian rushes to your
                  | aid. [demonic ancestry]
  5985 | D:5      | Reached XP level 7. HP: 46/46 MP: 9/13
  6175 | D:5      | Quit the game

Illustrated notes

Levels and vault maps discovered:
D:1:      ncdulo_smallfort, layout_loops_ring
D:2:      minmay_angry_zag, layout_rooms, nicolae_ashenzari_panopticon,
          uniq_crazy_yiuf_cottage
D:3:      layout_loops_ring, marbit_many_paths
D:4:      layout_basic, elyvilon_altar_4, first_ration,
          gammafunk_ghost_mausoleum
D:5:      cheibrodos_two_vegetables, layout_basic, uniq_menkaure

Skill      XL: |  1  2  3  4  5  6 |
---------------+-------------------+-----
Conjurations   | 2 3 4 |  4.9
Spellcasting   | 3 4 |  4.0
Fire Magic     | 3 4 |  4.8
Dodging        | |  1.7
Stealth        | |  1.7

Action                   |  1- 3 |  4- 6 |  7- 9 || total
-------------------------+-------+-------+-------++-------
Melee: War axe           |       |    84 |     1 ||    85
 Cast: Foxfire           |   122 |   112 |    18 ||   252
  Use: Scroll            |     4 |     2 |       ||     6
       Potion            |       |     1 |       ||     1
 Stab: Distracted        |       |     1 |       ||     1
       Sleeping          |       |     1 |       ||     1
  Eat: Chunk             |     6 |    11 |     1 ||    18
Armor: Robe              |     8 |    27 |       ||    35
Dodge: Dodged            |    16 |    90 |     4 ||   110

Table legend:
 A = Non-vault XP
 B = Vault XP
 C = Vault XP percentage of total XP
 D = Non-vault monster count
 E = Vault monster count
 F = Vault count percentage of total count
                 A         B        C        D         E       F
            +---------+---------+-------+---------+---------+-------
      Total |     794 |      35 |   4.2 |      79 |      12 |  13.2
            +---------+---------+-------+---------+---------+-------
        D:1 |      31 |       0 |   0.0 |      21 |       0 |   0.0
        D:2 |      44 |      31 |  41.3 |      17 |      10 |  37.0
        D:3 |      71 |       2 |   2.7 |      13 |       1 |   7.1
        D:4 |     527 |       2 |   0.4 |      23 |       1 |   4.2
        D:5 |     121 |       0 |   0.0 |       5 |       0 |   0.0
            +---------+---------+-------+---------+---------+-------
